 Dungeon Crawl Stone Soup version 0.32-a0-666-ge8a88695a4 (webtiles) character file.

Game seed: 7593705860618469382

5174 backslashecho the Cleaver (level 10, -2/81 HPs)
             Began as a Mountain Dwarf Fighter on Mar 9, 2024.
             Slain by a death yak (19 damage)
             ... on level 8 of the Dungeon.
             The game lasted 00:25:05 (8666 turns).

backslashecho the Cleaver (Mountain Dwarf Fighter)  Turns: 8666, Time: 00:25:06

Health: -2/81      AC: 13    Str: 23    XL:     10   Next: 34%
Magic:  0/10       EV: 16    Int:  9    God:
Gold:   548        SH:  5    Dex:  9    Spells: 8/9 levels left

rFire   . . .        a - +0 war axe
rCold   . . .        c - +0 buckler
rNeg    . . .        y - +0 plate armour
rPois   .            (no helmet)
rElec   .            e - +0 cloak
rCorr   .            (no gloves)
SInv    .            (no boots)
Will    +....        z - amulet of guardian spirit Stlth
                     n - +5 ring of evasion
HPRegen 0.33/turn    u - +5 ring of evasion
MPRegen 0.12/turn

%: guardian spirit
@: no status effects
A: runic magic, artefact enchanting
a: no special abilities


You were on level 8 of the Dungeon.
You visited 2 branches of the dungeon, and saw 9 of its levels.

You collected 548 gold pieces.

Inventory:

Hand Weapons
 a - a +0 war axe (weapon)
 o - a +0 heavy war axe
Armour
 c - a +0 buckler (worn)
 e - a +0 cloak (worn)
 y - a +0 plate armour (worn)
Jewellery
 n - a +5 ring of evasion (left hand)
 u - a +5 ring of evasion (right hand)
 z - an amulet of guardian spirit (around neck)
Wands
 s - a wand of flame (17)
 v - a wand of polymorph (11)
 D - a wand of paralysis (16)
 F - a wand of iceblast (2)
Scrolls
 b - a scroll of acquirement {unknown}
 f - a scroll of poison
 i - 2 scrolls of teleportation {unknown}
 l - 3 scrolls of noise
 m - 4 scrolls of fear {unknown}
 q - 4 scrolls of amnesia
 r - 2 scrolls of vulnerability {unknown}
 t - 2 scrolls of enchant weapon {unknown}
 w - a scroll of fog {unknown}
 A - a scroll of summoning {unknown}
 C - a scroll of torment {unknown}
 E - a scroll of identify
Potions
 d - a potion of might
 g - 3 potions of brilliance
 h - a potion of ambrosia
 j - 2 potions of enlightenment
 k - a potion of curing
 p - a potion of resistance {unknown}
 x - a potion of berserk rage {unknown}
 B - a potion of cancellation {unknown}


   Skills:
 - Level 5.0 Fighting
 * Level 14.5 Axes
 + Level 5.7 Armour
 - Level 9.0 Shields
 - Level 0.2 Spellcasting


You had 8 spell levels left.
You knew the following spells:

 Your Spells              Type           Power      Damage    Failure   Level
a - Slow                  Hex            0%         N/A       67%         1

Your spell library contained the following spells:

 Spells                   Type           Power      Damage    Failure   Level
 Magic Dart               Conj           0%         1d3       67%         1
 Searing Ray              Conj           0%         2d4       82%         2
 Confusing Touch          Hex            0%         N/A       96%         3
 Sigil of Binding         Hex            0%         N/A       96%         3
 Vampiric Draining        Necr           0%         2d6       96%         3
 Fulminant Prism          Conj/Alch      0%         3d5       100%        4
 Vhi's Electric Charge    Tloc/Air       0%         N/A       100%        4
 Arcjolt                  Conj/Air       0%         1d10      100%        5
 Plasma Beam              Fire/Air       0%         2x1d10    100%        6


Dungeon Overview and Level Annotations

Branches:
Dungeon (8/15)             Temple (1/1) D:5            Lair (0/5) D:8

Altars:
Ashenzari
Cheibriados
Dithmenos
Gozag
Hepliaklqana
Makhleb
Nemelex Xobeh
Okawaru
Qazlal
Ru
Sif Muna
Uskayaw
Vehumet
Xom
Zin
The Shining One

Shops:
D:7 (


Innate Abilities, Weirdness & Mutations

Your spellcasting is much less encumbered by armour.
You can use scrolls of enchantment on lesser artefacts.


Message History

The death yak gores you but does no damage.
You hit the death yak.
The death yak is lightly wounded.
You hit the death yak but do no damage.
The death yak is lightly wounded.
The death yak gores you!!
You take 20 damage, and have 61/81 hp.
MASSIVE DAMAGE!!
You now have 8/10 mp.
You slash the death yak!
The death yak is lightly wounded.
The death yak gores you but does no damage.
You hit the death yak but do no damage.
The death yak is lightly wounded.
The death yak completely misses you.
Okay, then.
Unknown command.
Unknown command.
You slash the death yak!
The death yak is moderately wounded.
The death yak gores you but does no damage.
Aiming: Paralyse
Press: ? - help, Shift-Dir - straight line, f - death yak
Aim: a death yak (moderately wounded, chance to affect: 1%)
Okay, then.
Okay, then.
Unknown command.
Unknown command.
Your movement speed is average.
Your attack delay is about 0.7.
Your damage rating with your +0 war axe is about 20 (Base 11 x 132% (Str) x 139% (Skill)).
Unknown command.
Unknown command.
Unknown command.
You barely miss the death yak.
The death yak is moderately wounded.
A white imp comes into view.
The white imp shouts, "Crawl home, thou peeagling roguish wastrel!"
You slash the death yak!
The death yak is moderately wounded.
The death yak misses you.
You hit the death yak.
The death yak is heavily wounded.
The death yak gores you.
You take 4 damage, and have 58/81 hp.
The white imp shouts, "Run away, thou venomed fault-botching serf!"
You see here a black bear corpse.
You barely miss the death yak.
The death yak is heavily wounded.
The death yak closely misses you.
You slash the death yak!
The death yak is heavily wounded.
The death yak gores you!
You take 10 damage, and have 50/81 hp.
You now have 7/10 mp.
You hit the death yak.
The death yak is severely wounded.
You hit the death yak.
The death yak is severely wounded.
The death yak gores you!
You take 13 damage, and have 37/81 hp.
You now have 5/10 mp.
You barely miss the death yak.
The death yak is severely wounded.
The white imp summons a swarm of flies.
The death yak misses you.
You hit the death yak but do no damage.
The death yak is severely wounded.
You slash the white imp! The white imp closely misses you.
The death yak closely misses you.
You hit the death yak.
The death yak is severely wounded.
You hit the white imp.
You kill the white imp!
You hit the death yak but do no damage.
The death yak is severely wounded.
The death yak misses you.
You hit the death yak but do no damage.
The death yak is severely wounded.
The death yak gores you!
* * * LOW HITPOINT WARNING * * *
You take 14 damage, and have 24/81 hp.
You now have 4/10 mp.
You hit the death yak.
The death yak is severely wounded.
The death yak gores you!
* * * LOW HITPOINT WARNING * * *
You take 9 damage, and have 15/81 hp.
You now have 3/10 mp.
You slash the death yak!
The death yak is almost dead.
You feel better.
The death yak gores you but does no damage.
You regained 9 hp, and now have 24/81 hp.
Press: ? - help, v - describe, . - travel, g - get item
Here: a death yak (almost dead) Item here: a black bear corpse.
The floor, spattered with blood.
You hit the death yak but do no damage.
The death yak is almost dead.
The death yak gores you!
* * * LOW HITPOINT WARNING * * *
You take 7 damage, and have 17/81 hp.
You now have 3/10 mp.
You slash the death yak!
The death yak is almost dead.
The death yak gores you!!
You die...

....................##
.............#......#
....................#
.....#...#.[.......#
.#.....>.##......###
#.............###
..............#
...........#
.#......@###
........Y###
...........#
...........#
...........#
...........#
......##...#
...........#
............


You could see a death yak.

Vanquished Creatures
  A two-headed ogre (D:6)
  Jeremiah (D:7)
  Prince Ribbit (D:6)
  Grinder (D:5)
  A blink frog (D:8)
  Sigmund (D:2)
  A wyvern (D:7)
  A yak (D:6)
  A steam dragon (D:7)
  Edmund (D:4)
  2 orc warriors
  4 black bears
  2 ogres
  3 ice beasts
  A kobold brigand (D:7)
  A bullfrog (D:8)
  2 gnoll sergeants
  2 scorpions
  8 wights
  3 howler monkeys (D:7)
  A crimson imp (D:7)
  2 bombardier beetles
  3 jellies
  2 orc priests
  4 hounds
  2 sleepcaps (D:6)
  6 iguanas
  Natasha (thrice) (D:2)
  6 orc wizards
  14 gnolls
  6 adders
  2 river rats (D:8)
  A shadow imp (D:4)
  3 white imps
  A howler monkey simulacrum (D:8)
  An ufetubus (D:8)
  3 dart slugs
  A ribbon worm (D:2)
  37 orcs
  7 ball pythons
  6 bats
  7 endoplasms
  2 giant cockroaches
  9 hobgoblins
  6 jackals
  2 quokkas (D:1)
  4 frilled lizards (D:2)
  13 goblins
  10 kobolds
  4 rats
206 creatures vanquished.

Notes
Turn   | Place    | Note
-------+----------+-------------------------------------------
     0 | D:1      | backslashecho the Mountain Dwarf Fighter began the quest
                  | for the Orb.
     0 | D:1      | Reached XP level 1. HP: 19/19 MP: 1/1
   303 | D:1      | Reached skill level 3 in Axes
   303 | D:1      | Reached XP level 2. HP: 26/26 MP: 2/2
   830 | D:1      | Reached XP level 3. HP: 33/33 MP: 3/3
  1021 | D:2      | Reached skill level 4 in Axes
  1026 | D:2      | Reached XP level 4. HP: 3/40 MP: 4/4
  1301 | D:2      | Noticed Natasha
  1428 | D:2      | Killed Natasha
  1641 | D:2      | Noticed Sigmund
  1651 | D:2      | Killed Sigmund
  1652 | D:2      | Reached skill level 5 in Axes
  1652 | D:2      | Reached XP level 5. HP: 24/47 MP: 5/5
  1652 | D:2      | Reached XP level 6. HP: 27/53 MP: 6/6
  1948 | D:2      | Noticed Natasha
  1953 | D:2      | Killed Natasha
  2436 | D:3      | Reached skill level 6 in Axes
  2614 | D:2      | Noticed Natasha
  2632 | D:2      | Killed Natasha
  2846 | D:3      | Found a shimmering altar of Xom.
  3359 | D:4      | Reached skill level 5 in Fighting
  3359 | D:4      | Reached skill level 5 in Shields
  3563 | D:4      | Reached XP level 7. HP: 56/56 MP: 7/7
  3628 | D:4      | Noticed Edmund
  3644 | D:4      | Killed Edmund
  3645 | D:4      | Reached skill level 7 in Axes
  4050 | D:5      | Entered Level 5 of the Dungeon
  4151 | D:5      | Reached skill level 8 in Axes
  4436 | D:5      | Found a staircase to the Ecumenical Temple.
  4446 | Temple   | Entered the Ecumenical Temple
  4515 | D:5      | Noticed Grinder
  4535 | D:5      | Paralysed by Grinder for 4 turns
  4539 | D:5      | Killed Grinder
  4540 | D:5      | Reached skill level 9 in Axes
  4540 | D:5      | Reached XP level 8. HP: 44/68 MP: 8/8
  5619 | D:6      | Noticed a two-headed ogre
  5653 | D:6      | Killed a two-headed ogre
  5654 | D:6      | Reached skill level 11 in Axes
  5810 | D:6      | Reached XP level 9. HP: 74/74 MP: 9/9
  5973 | D:6      | Noticed Prince Ribbit
  5988 | D:6      | Reached skill level 12 in Axes
  6006 | D:6      | Killed Prince Ribbit
  6482 | D:6      | Found a burning altar of Makhleb.
  6503 | D:6      | Reached skill level 9 in Shields
  6595 | D:6      | Found a hazy altar of Hepliaklqana.
  6608 | D:6      | Reached skill level 13 in Axes
  7194 | D:7      | Found Lontic's Antique Weapon Boutique.
  7310 | D:7      | Learned a level 1 spell: Slow
  7566 | D:7      | Reached XP level 10. HP: 44/81 MP: 5/10
  7781 | D:7      | Noticed Jeremiah
  7832 | D:7      | Killed Jeremiah
  7927 | D:7      | Found a shadowy altar of Dithmenos.
  8324 | D:8      | Reached skill level 14 in Axes
  8324 | D:8      | Reached skill level 5 in Armour
  8369 | D:8      | Found an opulent altar of Gozag.
  8561 | D:8      | Found a staircase to the Lair.
  8633 | D:8      | Noticed a death yak
  8666 | D:8      | Slain by a death yak

Illustrated notes

Levels and vault maps discovered:
D:1:      dpeg_arrival_simpleton_c, layout_loops_corners, minmay_close_crescents
D:2:      layout_loops_ring, uniq_sigmund, uniq_natasha
D:3:      layout_basic, regret_index_xom_buried_treasure
D:4:      layout_rooms, minmay_goblin_outpost, uniq_edmund
D:5:      layout_layer_cave, minmay_temple_entry_stoned_glass, uniq_grinder
D:6:      minmay_opposing_rooms, layout_basic, nicolae_overflow_squiral,
          uniq_prince_ribbit1
D:7:      layout_loops_ring, lemuel_coloured_pillars_altar, serial_shops,
          kennysheep_mini_moat, minmay_fire_ice_demons, uniq_jeremiah
D:8:      layout_cave_pools, nicolae_gozag_seed_capital, dpeg_lair_monsters,
          serial_ice, serial_ice_m, serial_ice_k, serial_ice_h, serial_ice_f,
          serial_ice_e, serial_ice_o, enter_bailey_3
Temple:   nicolae_temple_ecumenical_triangle

Skill      XL: |  1  2  3  4  5  6  7  8  9 10 |
---------------+-------------------------------+-----
Axes           | 3 4 5 6 9 11 13 14 | 14.5
Fighting       | 4 5 |  5.0
Shields        | 4 5 6 7 9 |  9.0
Armour         | 4 5 |  5.7
Spellcasting   | |  0.2

Action                     |  1- 3 |  4- 6 |  7- 9 | 10-12 || total
---------------------------+-------+-------+-------+-------++-------
  Melee: War axe           |   105 |   145 |   365 |   175 ||   790
    Use: Potion            |     3 |     2 |     6 |     1 ||    12
         Scroll            |       |     3 |     5 |       ||     8
 Armour: Scale mail        |    82 |    85 |       |       ||   167
         Chain mail        |       |       |    43 |       ||    43
         Plate armour      |       |       |    96 |    80 ||   176
  Dodge: Dodged            |    68 |    83 |   165 |    80 ||   396
  Block: Buckler           |    27 |    20 |    68 |    36 ||   151

Table legend: (Time is in decaauts)
 A = Elapsed time spent in this place.
 B = Non-inter-level travel time spent in this place.
 C = Inter-level travel time spent in this place.
 D = Time resting spent in this place.
 E = Time spent auto-exploring this place.
 F = Levels seen in this place.
 G = Mean time per level.
                   A        B        C        D        E       F      G
               +--------+--------+--------+--------+--------+-----+--------+
         Total |   8687 |   7956 |    731 |   1028 |   4807 |   9 |  965.2 |
       Dungeon |   8686 |   7956 |    730 |   1028 |   4807 |   8 | 1085.8 |
        Temple |      1 |      1 |      0 |      0 |      0 |   1 |    1.0 |
               +--------+--------+--------+--------+--------+-----+--------+

Top non-repeatable levels by time:
     D:6: 1455 daAuts
     D:5: 1420 daAuts
     D:7: 1234 daAuts
     D:1: 1232 daAuts
     D:2: 1207 daAuts
     D:3: 1016 daAuts
     D:4: 755 daAuts
     D:8: 364 daAuts
  Temple: 1 daAuts
